[Event "Vienna Chess Open 2019"]
[Site "Vienna"]
[Date "2019.08.17"]
[Round "1.1"]
[White "Albadri Abd Al Sattar"]
[Black "Dastan, Muhammed Batuhan"]
[Result "0-1"]
[ECO "A83"]
[WhiteElo "2158"]
[BlackElo "2582"]
[Annotator "ChessBase"]
[PlyCount "62"]
[EventDate "2019.08.17"]
[EventType "swiss"]
[EventCountry "AUT"]
[SourceTitle "playchess.com"]
[Source "ChessBase"]
[SourceQuality "1"]
[TimeControl "40/5400+30:1800+30"]

1. d4 f5 2. e4 fxe4 3. Nc3 Nf6 4. Bg5 Nc6 5. d5 Ne5 6. Qe2 Nf7 7. Bxf6 exf6 8. Nxe4 Bb4+ 9. c3 Be7 10. d6 cxd6 11. O-O-O O-O 12. f4 f5 13. Ng3 g6 14. Nf3 Bf6 15. Qc4 Rb8 16. h4 b5 17. Qb3 Qb6 18. Rd5 Qe3+ 19. Kb1 Qxf4 20. Nh5 gxh5 21. Bd3 Qa4 22. Rxf5 Qxb3 23. axb3 Ne5 24. Nxe5 dxe5 25. Rxh5 Rf7 26. Rf1 Rb6 27. g4 d5 28. g5 e4 29. Bxb5 Bg4 30. Rh6 Bg7 31. Rxb6 Rxf1+ 0-1

[Event "Vienna Chess Open 2019"]
[Site "Vienna"]
[Date "2019.08.17"]
[Round "1.1"]
[White "Leskiewicz, Ignacy"]
[Black "Stanec, Nikolaus"]
[Result "0-1"]
[ECO "B12"]
[WhiteElo "2146"]
[BlackElo "2483"]
[Annotator "ChessBase"]
[PlyCount "74"]
[EventDate "2019.08.17"]
[EventType "swiss"]
[EventCountry "AUT"]
[SourceTitle "playchess.com"]
[Source "ChessBase"]
[SourceQuality "1"]
[TimeControl "40/5400+30:1800+30"]

1. e4 c6 2. d4 g6 3. Bd3 Bg7 4. Ne2 d6 5. O-O Nf6 6. c4 O-O 7. Nbc3 Nbd7 8. h3 a6 9. f4 e5 10. fxe5 dxe5 11. d5 cxd5 12. cxd5 Ne8 13. Be3 Nd6 14. Qc2 Qe7 15. Rac1 b5 16. b4 f5 17. a4 f4 18. Bd2 f3 19. gxf3 Nf6 20. h4 Bh3 21. Ng3 Nh5 22. Bg5 Qa7+ 23. Qf2 Rxf3 24. Qxa7 Rxg3+ 25. Kh2 Rxa7 26. Rfd1 Bg4 27. Be2 Rf7 28. Rf1 h6 29. Rxf7 Kxf7 30. axb5 axb5 31. Bd8 Bxe2 32. Nxe2 Re3 33. Rc2 Rxe4 34. Bc7 Bf8 35. Nc3 Rxh4+ 36. Kg1 Rxb4 37. Rf2+ Nf4 0-1

[Event "Vienna Chess Open 2019"]
[Site "Vienna"]
[Date "2019.08.17"]
[Round "1.1"]
[White "Hupfer, Robert"]
[Black "Bakhmatsky, Vladislav"]
[Result "0-1"]
[ECO "D85"]
[WhiteElo "2133"]
[BlackElo "2442"]
[Annotator "NA"]
[PlyCount "112"]
[EventDate "2019.08.17"]
[EventType "swiss"]
[EventCountry "AUT"]
[SourceTitle "playchess.com"]
[Source "ChessBase"]
[SourceQuality "1"]
[TimeControl "40/5400+30:1800+30"]

1. d4 Nf6 2. c4 g6 3. Nc3 d5 4. cxd5 Nxd5 5. Bd2 Nb6 6. Nf3 Bg7 7. Bf4 O-O 8. Rc1 c5 9. dxc5 Bxc3+ 10. bxc3 Qxd1+ 11. Rxd1 Na4 12. g3 Nxc3 13. Rd2 Na6 14. Rc2 Na4 15. c6 bxc6 16. Bg2 Be6 17. O-O Bd5 18. Re1 c5 19. e4 Be6 20. a3 Bb3 21. Rcc1 c4 22. Nd2 N6c5 23. Bf1 c3 24. Nb1 c2 25. Nd2 Rfd8 26. Nxb3 Nxb3 27. Rxc2 Nd4 28. Rcc1 Nf3+ 29. Kg2 Nxe1+ 30. Rxe1 Nc5 31. Re3 Rac8 32. e5 Ne6 33. Bh6 Rc5 34. Re1 g5 35. h4 gxh4 36. gxh4 Kh8 37. Re3 Rg8+ 38. Kh2 Rg6 39. Bg5 Nxg5 40. hxg5 Rxg5 41. f4 Rc2+ 42. Kh3 Rg1 43. Bb5 Rgc1 44. Kg4 Rc3 45. Re2 Rxa3 46. Kf5 Rb3 47. Be8 Kg7 48. Rg2+ Kf8 49. Bd7 e6+ 50. Kf6 Rf3 51. Rg4 h5 52. Rh4 Rg1 53. Bxe6 Rg6+ 54. Kf5 Rxe6 55. Rxh5 Rb6 56. Kg4 Rf1 0-1

[Event "Vienna Chess Open 2019"]
[Site "Vienna"]
[Date "2019.08.17"]
[Round "1.2"]
[White "Buhmann, Rainer"]
[Black "Meijer, Johannes"]
[Result "1-0"]
[ECO "A06"]
[WhiteElo "2574"]
[BlackElo "2158"]
[Annotator "ChessBase"]
[PlyCount "75"]
[EventDate "2019.08.17"]
[EventType "swiss"]
[EventCountry "AUT"]
[SourceTitle "playchess.com"]
[Source "ChessBase"]
[SourceQuality "1"]
[TimeControl "40/5400+30:1800+30"]

1. Nf3 d5 2. d4 e6 3. c4 Nf6 4. g3 c6 5. Nbd2 c5 6. Bg2 Be7 7. O-O O-O 8. dxc5 Bxc5 9. Nb3 Be7 10. cxd5 exd5 11. Bf4 Nc6 12. Rc1 Be6 13. Nfd4 Rc8 14. Nxc6 Rxc6 15. Qd4 Qb6 16. Qxb6 axb6 17. Nd4 Rc5 18. Be3 Rfc8 19. Rcd1 Ra5 20. a3 b5 21. Rc1 Rxc1 22. Rxc1 Bd7 23. Nb3 Ra8 24. Nc5 Bc6 25. Nd3 Nd7 26. Bh3 Nf6 27. Ne5 Be8 28. Bd4 Bd6 29. Nd3 Ne4 30. Be5 Bf8 31. Bd4 Ng5 32. Bg2 Ne6 33. Be3 Rd8 34. Kf1 Be7 35. Bb6 Rd6 36. Ba5 Bf6 37. Rc8 Nd8 38. Bc7 1-0

[Event "Vienna Chess Open 2019"]
[Site "Vienna"]
[Date "2019.08.17"]
[Round "1.2"]
[White "Janik, Igor"]
[Black "Morante Rafael, Aritz"]
[Result "1-0"]
[ECO "A57"]
[WhiteElo "2483"]
[BlackElo "2144"]
[Annotator "ChessBase"]
[PlyCount "85"]
[EventDate "2019.08.17"]
[EventType "swiss"]
[EventCountry "AUT"]
[SourceTitle "playchess.com"]
[Source "ChessBase"]
[SourceQuality "1"]
[TimeControl "40/5400+30:1800+30"]

1. d4 Nf6 2. c4 c5 3. d5 b5 4. cxb5 a6 5. e3 g6 6. Nc3 Bg7 7. Nf3 O-O 8. a4 Bb7 9. Ra3 e6 10. dxe6 fxe6 11. Be2 d5 12. O-O axb5 13. Nxb5 Ne4 14. Nd2 Nd6 15. b3 Nxb5 16. Bxb5 Qg5 17. Qc2 Na6 18. f4 Qe7 19. Nf3 e5 20. fxe5 Bxe5 21. Qe2 Nb4 22. Bd2 Bb2 23. Bxb4 cxb4 24. Ra2 Bc3 25. Qd3 Rf6 26. a5 Raf8 27. a6 Ba8 28. Raf2 Re6 29. Re2 Ref6 30. Rff2 Kg7 31. h3 h6 32. Nd4 Rxf2 33. Rxf2 Rxf2 34. Kxf2 Qh4+ 35. Kg1 Qe1+ 36. Kh2 Qd2 37. Qxd2 Bxd2 38. Ne6+ Kf6 39. Nc7 Bxe3 40. Nxa8 Ke7 41. Nc7 Kd6 42. Ne8+ Ke7 43. Kg3 1-0

[Event "Vienna Chess Open 2019"]
[Site "Vienna"]
[Date "2019.08.17"]
[Round "1.3"]
[White "Pupier, Terry"]
[Black "Schreiner, Peter"]
[Result "0-1"]
[ECO "C44"]
[WhiteElo "2144"]
[BlackElo "2481"]
[Annotator "ChessBase"]
[PlyCount "94"]
[EventDate "2019.08.17"]
[EventType "swiss"]
[EventCountry "AUT"]
[SourceTitle "playchess.com"]
[Source "ChessBase"]
[SourceQuality "1"]
[TimeControl "40/5400+30:1800+30"]

1. e4 e5 2. Nf3 Nc6 3. d4 exd4 4. Nxd4 Bb4+ 5. c3 Bc5 6. Nxc6 bxc6 7. Bd3 d5 8. Qe2 Qe7 9. O-O Nf6 10. exd5 Qxe2 11. Bxe2 cxd5 12. Bf4 c6 13. Bd3 O-O 14. Nd2 a5 15. h3 Bb6 16. Rfe1 Be6 17. Nf3 Rfe8 18. Nd4 Bd7 19. Nf5 g6 20. Nd4 a4 21. Nf3 Be6 22. Nd4 Bd7 23. Nf3 Nh5 24. Bh2 f6 25. Rad1 Ng7 26. Bc2 Rxe1+ 27. Nxe1 Bf5 28. Kf1 Kf7 29. Bxf5 Nxf5 30. Nc2 h5 31. Nb4 Rc8 32. g4 hxg4 33. hxg4 Ng7 34. f3 Ne6 35. Nc2 g5 36. Kg2 Bc5 37. Bg3 Ra8 38. Rh1 Ra7 39. a3 Be7 40. Nb4 Rb7 41. Rb1 d4 42. Be1 c5 43. Nd3 c4 44. Nb4 Nf4+ 45. Kf1 d3 46. Nc6 Rc7 47. Nb4 Rc8 0-1

[Event "Vienna Chess Open 2019"]
[Site "Vienna"]
[Date "2019.08.17"]
[Round "1.4"]
[White "Mons, Leon"]
[Black "Thannheiser, Thomas"]
[Result "1/2-1/2"]
[ECO "A05"]
[WhiteElo "2559"]
[BlackElo "2156"]
[Annotator "ChessBase"]
[PlyCount "117"]
[EventDate "2019.08.17"]
[EventType "swiss"]
[EventCountry "AUT"]
[SourceTitle "playchess.com"]
[Source "ChessBase"]
[SourceQuality "1"]
[TimeControl "40/5400+30:1800+30"]

1. Nf3 Nf6 2. c4 e6 3. b3 b6 4. g3 Bb7 5. Bg2 Be7 6. Bb2 O-O 7. O-O c5 8. e3 d6 9. Nc3 Nbd7 10. d3 a6 11. Qe2 Qc7 12. e4 Rfe8 13. Nh4 Ne5 14. f4 Nc6 15. Nf3 Nd4 16. Nxd4 cxd4 17. Nb1 e5 18. Nd2 Bc8 19. h3 Rb8 20. Rac1 Nd7 21. Nf3 Qd8 22. Qf2 f6 23. Qc2 b5 24. Nh4 b4 25. Nf3 Nc5 26. Rcd1 a5 27. Bc1 Bd7 28. g4 a4 29. f5 Rf8 30. Rf2 Kh8 31. Bf1 Ra8 32. Re1 Bc6 33. Rg2 axb3 34. axb3 Qc7 35. h4 Qb7 36. g5 Ra1 37. g6 Rfa8 38. Qd1 Bf8 39. Ng5 h6 40. Nf7+ Kg8 41. Be2 Be8 42. Bh5 Rxc1 43. Qxc1 Nxd3 44. Qd1 Nxe1 45. Qxe1 Bc6 46. Bf3 Qa7 47. Kh2 Qb7 48. Qb1 Qb6 49. Ra2 Rxa2+ 50. Qxa2 d3 51. Kg2 Qd4 52. Qf2 d2 53. Qxd4 exd4 54. Kf2 Bxe4 55. Bxe4 d1=Q 56. Bd5 Be7 57. Ng5+ Kh8 58. Nf7+ Kg8 59. Ng5+ 1/2-1/2

[Event "Vienna Chess Open 2019"]
[Site "Vienna"]
[Date "2019.08.17"]
[Round "1.4"]
[White "Yankelevich, Lev"]
[Black "Villwock, Martin"]
[Result "1-0"]
[ECO "A61"]
[WhiteElo "2480"]
[BlackElo "2144"]
[Annotator "ChessBase"]
[PlyCount "107"]
[EventDate "2019.08.17"]
[EventType "swiss"]
[EventCountry "AUT"]
[SourceTitle "playchess.com"]
[Source "ChessBase"]
[SourceQuality "1"]
[TimeControl "40/5400+30:1800+30"]

1. d4 Nf6 2. c4 c5 3. d5 e6 4. Nc3 exd5 5. cxd5 d6 6. Nf3 g6 7. Nd2 Nbd7 8. e4 Bg7 9. Be2 O-O 10. O-O a6 11. a4 Re8 12. f4 Rb8 13. a5 b5 14. axb6 Nxb6 15. Bf3 Qc7 16. Re1 c4 17. Nf1 Nfd7 18. Be3 Nc5 19. Re2 Nd3 20. Ra3 f5 21. exf5 Bxf5 22. Rxa6 Nb4 23. Nb5 Qd7 24. Rxb6 Rxb6 25. Bxb6 Rxe2 26. Qxe2 Qxb5 27. Ba7 Qd7 28. Be3 Bd3 29. Qd2 Nc2 30. Be2 Qb5 31. f5 Qb4 32. Bxd3 cxd3 33. Qxd3 Nxe3 34. Nxe3 Qe1+ 35. Nf1 gxf5 36. Qxf5 Bd4+ 37. Kh1 Bxb2 38. g3 Qe5 39. Qxe5 Bxe5 40. Kg2 Kf7 41. Kf3 Kf6 42. Ke4 Bc3 43. Ne3 Bb4 44. Nf5 Kg5 45. h3 Bc5 46. Ng7 Kf6 47. Ne6 Bf2 48. g4 h6 49. Nd4 Bxd4 50. Kxd4 Kg5 51. Ke4 Kh4 52. Kf5 Kxh3 53. g5 hxg5 54. Kxg5 1-0

[Event "Vienna Chess Open 2019"]
[Site "Vienna"]
[Date "2019.08.17"]
[Round "1.4"]
[White "Janzelj, Tim"]
[Black "Hapala, Elisabeth"]
[Result "1-0"]
[ECO "D10"]
[WhiteElo "2435"]
[BlackElo "2131"]
[Annotator "NA"]
[PlyCount "101"]
[EventDate "2019.08.17"]
[EventType "swiss"]
[EventCountry "AUT"]
[SourceTitle "playchess.com"]
[Source "ChessBase"]
[SourceQuality "1"]
[TimeControl "40/5400+30:1800+30"]

1. d4 d5 2. c4 c6 3. Qb3 dxc4 4. Qxc4 Nf6 5. Nf3 Bg4 6. e3 Nbd7 7. Be2 e6 8. h3 Bh5 9. O-O Be7 10. Rd1 O-O 11. Nc3 Rc8 12. a4 c5 13. Qb3 cxd4 14. exd4 Qc7 15. Bg5 a6 16. a5 Rfd8 17. Qa4 Nb8 18. g4 Bg6 19. Ne5 Nc6 20. Nxc6 Qxc6 21. Qxc6 Rxc6 22. Bf3 Rc7 23. d5 Nxd5 24. Bxe7 Rxe7 25. Nxd5 exd5 26. Rxd5 Rxd5 27. Bxd5 h6 28. Rc1 Kh7 29. f4 f6 30. Kf2 Bf7 31. Bf3 Bb3 32. Rc8 Ba4 33. Rb8 Bc6 34. Bxc6 bxc6 35. Rb6 Re4 36. Rxc6 Rxf4+ 37. Kg3 Rd4 38. Rxa6 Rd3+ 39. Kf4 Rxh3 40. Rb6 h5 41. gxh5 Rxh5 42. b4 Rh1 43. a6 g5+ 44. Ke3 f5 45. Rb5 f4+ 46. Kf3 Rh3+ 47. Kg4 Rg3+ 48. Kh5 f3 49. Rb7+ Kg8 50. a7 Rh3+ 51. Kg6 1-0

[Event "Vienna Chess Open 2019"]
[Site "Vienna"]
[Date "2019.08.17"]
[Round "1.5"]
[White "Low, Kevin"]
[Black "Palac, Mladen"]
[Result "0-1"]
[ECO "B90"]
[WhiteElo "2153"]
[BlackElo "2551"]
[Annotator "ChessBase"]
[PlyCount "72"]
[EventDate "2019.08.17"]
[EventType "swiss"]
[EventCountry "AUT"]
[SourceTitle "playchess.com"]
[Source "ChessBase"]
[SourceQuality "1"]
[TimeControl "40/5400+30:1800+30"]

1. e4 c5 2. Nf3 d6 3. d4 cxd4 4. Nxd4 Nf6 5. Nc3 a6 6. f3 Qb6 7. Nb3 e6 8. Bd3 Be7 9. Qe2 Qc7 10. a4 b6 11. Be3 Nc6 12. g4 Bb7 13. O-O-O Nb4 14. g5 Nd7 15. Kb1 O-O 16. h4 Nc5 17. Nxc5 bxc5 18. h5 d5 19. exd5 exd5 20. Bf4 Bd6 21. Bxd6 Qxd6 22. Rdg1 Rae8 23. Qd2 Nxd3 24. Qxd3 d4 25. Ne4 Bxe4 26. fxe4 Qe6 27. Re1 Rb8 28. e5 Rb4 29. b3 Rfb8 30. Kc1 c4 31. Qh3 Qe7 32. Qf5 cxb3 33. e6 b2+ 34. Kd2 b1=Q 35. h6 fxe6 36. Rxe6 Qf7 0-1

[Event "Vienna Chess Open 2019"]
[Site "Vienna"]
[Date "2019.08.17"]
[Round "1.5"]
[White "Stummer, Anton"]
[Black "Diermair, Andreas"]
[Result "1/2-1/2"]
[ECO "C47"]
[WhiteElo "2142"]
[BlackElo "2473"]
[Annotator "ChessBase"]
[PlyCount "108"]
[EventDate "2019.08.17"]
[EventType "swiss"]
[EventCountry "AUT"]
[SourceTitle "playchess.com"]
[Source "ChessBase"]
[SourceQuality "1"]
[TimeControl "40/5400+30:1800+30"]

1. e4 e5 2. Nf3 Nc6 3. Nc3 Nf6 4. d4 exd4 5. Nxd4 Bc5 6. Be3 Bb6 7. Nxc6 bxc6 8. Bxb6 axb6 9. Bd3 d6 10. O-O O-O 11. h3 Nd7 12. f4 Nc5 13. Be2 Qf6 14. Qd2 b5 15. a3 Na4 16. Nxa4 Rxa4 17. c4 bxc4 18. Qc2 Ra5 19. Qxc4 Qxb2 20. Qb4 Qxb4 21. axb4 Rxa1 22. Rxa1 Bb7 23. Ra7 Rb8 24. Kf2 Kf8 25. Ke3 Ke7 26. Kd4 Kd8 27. e5 c5+ 28. bxc5 dxe5+ 29. fxe5 Bxg2 30. Bc4 Rb4 31. Kc3 Rb1 32. Bxf7 Bxh3 33. Bd5 Rc1+ 34. Kb4 Rd1 35. Bc6 Rb1+ 36. Kc3 Rc1+ 37. Kb4 Rb1+ 38. Kc3 Bd7 39. Bd5 Rc1+ 40. Kd4 Rd1+ 41. Kc4 Bb5+ 42. Kxb5 Rxd5 43. Kc6 Rxe5 44. Ra8+ Ke7 45. Rc8 h5 46. Rxc7+ Kf6 47. Rc8 g5 48. Kd6 Re1 49. Rf8+ Kg6 50. c6 Rd1+ 51. Ke5 Re1+ 52. Kd6 Rd1+ 53. Ke6 Re1+ 54. Kd6 Rd1+ 1/2-1/2

[Event "Vienna Chess Open 2019"]
[Site "Vienna"]
[Date "2019.08.17"]
[Round "1.5"]
[White "Kunz, Andre"]
[Black "Froewis, Georg"]
[Result "0-1"]
[ECO "B01"]
[WhiteElo "2130"]
[BlackElo "2429"]
[Annotator "NA"]
[PlyCount "78"]
[EventDate "2019.08.17"]
[EventType "swiss"]
[EventCountry "AUT"]
[SourceTitle "playchess.com"]
[Source "ChessBase"]
[SourceQuality "1"]
[TimeControl "40/5400+30:1800+30"]

1. e4 d5 2. exd5 Qxd5 3. Nc3 Qd6 4. d4 Nf6 5. Nf3 Nc6 6. Nb5 Qd8 7. c4 e6 8. Be2 Bb4+ 9. Bd2 a6 10. Nc3 O-O 11. a3 Be7 12. Bf4 Bd6 13. Qd2 Na5 14. Bxd6 cxd6 15. Rd1 Qc7 16. Qd3 Bd7 17. b4 Nxc4 18. Qxc4 Qxc4 19. Bxc4 Rfc8 20. Nd2 d5 21. Nxd5 exd5 22. Bb3 Bb5 23. f3 Re8+ 24. Kf2 Re2+ 25. Kg1 Rae8 26. h4 R8e3 27. a4 Bd7 28. Bc2 Nh5 29. Nf1 Rc3 30. Bd3 Rb2 31. b5 Nf4 32. Ne3 Rxd3 33. Rxd3 Nxd3 34. bxa6 bxa6 35. Nxd5 Rb1+ 36. Kh2 Rxh1+ 37. Kxh1 Bxa4 38. Nb6 Bb5 39. Kg1 a5 0-1

[Event "Vienna Chess Open 2019"]
[Site "Vienna"]
[Date "2019.08.17"]
[Round "1.6"]
[White "Nasuta, Grzegorz"]
[Black "Bonade, Massimo"]
[Result "1-0"]
[ECO "B23"]
[WhiteElo "2533"]
[BlackElo "2153"]
[Annotator "ChessBase"]
[PlyCount "59"]
[EventDate "2019.08.17"]
[EventType "swiss"]
[EventCountry "AUT"]
[SourceTitle "playchess.com"]
[Source "ChessBase"]
[SourceQuality "1"]
[TimeControl "40/5400+30:1800+30"]

1. e4 c5 2. Nc3 d6 3. d4 cxd4 4. Qxd4 a6 5. b3 Nc6 6. Qd2 e6 7. Bb2 b5 8. O-O-O Nf6 9. f3 Be7 10. Kb1 O-O 11. g4 b4 12. Na4 Nd7 13. Qe3 Qc7 14. f4 Nc5 15. Nxc5 dxc5 16. Nf3 a5 17. Bb5 Ba6 18. Bxc6 Qxc6 19. Ne5 Qb5 20. g5 Rfd8 21. Rxd8+ Rxd8 22. Re1 Bf8 23. f5 exf5 24. exf5 Qb6 25. Qh3 Bc8 26. Nxf7 Rd2 27. g6 h6 28. Qe3 Rxh2 29. Qe5 Rh5 30. Qd5 1-0

[Event "Vienna Chess Open 2019"]
[Site "Vienna"]
[Date "2019.08.17"]
[Round "1.6"]
[White "Balinov, Ilia"]
[Black "Scheckenbach, Franz"]
[Result "1-0"]
[ECO "E70"]
[WhiteElo "2467"]
[BlackElo "2138"]
[Annotator "ChessBase"]
[PlyCount "49"]
[EventDate "2019.08.17"]
[EventType "swiss"]
[EventCountry "AUT"]
[SourceTitle "playchess.com"]
[Source "ChessBase"]
[SourceQuality "1"]
[TimeControl "40/5400+30:1800+30"]

1. c4 Nf6 2. Nc3 g6 3. e4 d6 4. d4 Bg7 5. Bg5 O-O 6. f4 c5 7. d5 b5 8. cxb5 a6 9. Qd2 h6 10. Bh4 axb5 11. Bxb5 Qa5 12. e5 dxe5 13. fxe5 Qb4 14. Nf3 Ne4 15. Nxe4 Qxe4+ 16. Kf2 Bxe5 17. Rhe1 Bd4+ 18. Qxd4 Qxe1+ 19. Kxe1 cxd4 20. Bxe7 Bb7 21. Bxf8 Kxf8 22. d6 Bxf3 23. gxf3 Na6 24. Rc1 Nb4 25. a3 1-0

[Event "Vienna Chess Open 2019"]
[Site "Vienna"]
[Date "2019.08.17"]
[Round "1.6"]
[White "Ozen, Deniz"]
[Black "Leisenberger, Harald"]
[Result "1-0"]
[ECO "C65"]
[WhiteElo "2429"]
[BlackElo "2129"]
[Annotator "NA"]
[PlyCount "43"]
[EventDate "2019.08.17"]
[EventType "swiss"]
[EventCountry "AUT"]
[SourceTitle "playchess.com"]
[Source "ChessBase"]
[SourceQuality "1"]
[TimeControl "40/5400+30:1800+30"]

1. e4 e5 2. Nf3 Nc6 3. Bb5 Nf6 4. d3 Bc5 5. c3 O-O 6. O-O Re8 7. Nbd2 a6 8. Ba4 Ba7 9. h3 d6 10. Re1 Bd7 11. Nf1 Ne7 12. Bb3 Ng6 13. Ng3 Be6 14. Nf5 Qd7 15. g4 c6 16. Bg5 d5 17. N3h4 Rad8 18. Qc1 dxe4 19. Bxf6 Nf4 20. Bxd8 Bxf2+ 21. Kh2 Nxd3 22. Qg5 1-0

[Event "Vienna Chess Open 2019"]
[Site "Vienna"]
[Date "2019.08.17"]
[Round "1.7"]
[White "Munoz Avila, Jose Luis"]
[Black "Shengelia, David"]
[Result "0-1"]
[ECO "A50"]
[WhiteElo "2151"]
[BlackElo "2523"]
[Annotator "ChessBase"]
[PlyCount "70"]
[EventDate "2019.08.17"]
[EventType "swiss"]
[EventCountry "AUT"]
[SourceTitle "playchess.com"]
[Source "ChessBase"]
[SourceQuality "1"]
[TimeControl "40/5400+30:1800+30"]

1. d4 Nf6 2. c4 b6 3. Nf3 Bb7 4. g3 g6 5. Bg2 Bg7 6. O-O O-O 7. Re1 Na6 8. Nc3 Ne4 9. Nxe4 Bxe4 10. Bd2 c5 11. Bc3 d5 12. Rc1 dxc4 13. dxc5 Bxc3 14. Rxc3 b5 15. a4 Qxd1 16. Rxd1 Nxc5 17. axb5 Na4 18. Rcc1 Rab8 19. Rd7 Nxb2 20. Rxe7 Bxf3 21. Bxf3 Rxb5 22. Rxa7 Rc8 23. Ra8 Rxa8 24. Bxa8 Kf8 25. Rc2 Ke7 26. e4 Kd6 27. Kf1 Kc5 28. Ke2 Kd4 29. h4 c3 30. Bd5 Nd3 31. Bxf7 Rb2 32. Kd1 Nxf2+ 33. Kc1 Nd3+ 34. Kd1 Rb1+ 35. Ke2 Re1+ 0-1

[Event "Vienna Chess Open 2019"]
[Site "Vienna"]
[Date "2019.08.17"]
[Round "1.7"]
[White "Wuethrich, Lorenz"]
[Black "Blohberger, Felix"]
[Result "0-1"]
[ECO "E00"]
[WhiteElo "2138"]
[BlackElo "2467"]
[Annotator "ChessBase"]
[PlyCount "110"]
[EventDate "2019.08.17"]
[EventType "swiss"]
[EventCountry "AUT"]
[SourceTitle "playchess.com"]
[Source "ChessBase"]
[SourceQuality "1"]
[TimeControl "40/5400+30:1800+30"]

1. d4 e6 2. c4 Bb4+ 3. Bd2 a5 4. e4 d6 5. a3 Bxd2+ 6. Qxd2 e5 7. dxe5 dxe5 8. Nf3 f6 9. h3 Qxd2+ 10. Kxd2 Nd7 11. Nc3 Nc5 12. Rd1 a4 13. Nd5 Kd8 14. Ke3 Bd7 15. Be2 Ne7 16. Nh4 Nc8 17. Bg4 c6 18. Nc3 Nb6 19. Be2 Kc7 20. Nf3 Be6 21. Nd2 Rhd8 22. Rc1 Rxd2 23. Kxd2 Nb3+ 24. Kc2 Nxc1 25. Rxc1 Nxc4 26. Rd1 Nd6 27. Rd2 b5 28. Bg4 Bb3+ 29. Kc1 g6 30. Bd1 Bc4 31. Bc2 Bf1 32. f3 Rd8 33. Rf2 Bc4 34. g3 Be6 35. h4 Nc4 36. Re2 Rd6 37. Nd1 Na5 38. Ne3 Rd4 39. h5 Nb3+ 40. Bxb3 Bxb3 41. hxg6 hxg6 42. Rd2 Kd6 43. Ng4 Ke6 44. Rxd4 exd4 45. f4 c5 46. Nf2 Bc4 47. Kd2 b4 48. Nd3 Bxd3 49. Kxd3 bxa3 50. bxa3 Kd6 51. Kc4 Kc6 52. Kd3 Kb5 53. g4 Kc6 54. g5 fxg5 55. f5 gxf5 {[%emt 0:00:00] Kxd4} 0-1

[Event "Vienna Chess Open 2019"]
[Site "Vienna"]
[Date "2019.08.17"]
[Round "1.7"]
[White "Li, Zhenyu"]
[Black "Miralles, Gilles"]
[Result "1/2-1/2"]
[ECO "E14"]
[WhiteElo "2129"]
[BlackElo "2427"]
[Annotator "NA"]
[PlyCount "87"]
[EventDate "2019.08.17"]
[EventType "swiss"]
[EventCountry "AUT"]
[SourceTitle "playchess.com"]
[Source "ChessBase"]
[SourceQuality "1"]
[TimeControl "40/5400+30:1800+30"]

1. d4 Nf6 2. Nf3 e6 3. c4 b6 4. e3 Bb7 5. Bd3 d5 6. O-O dxc4 7. Bxc4 Bd6 8. Nc3 Nbd7 9. Qe2 O-O 10. Rd1 Qb8 11. e4 e5 12. d5 a6 13. a4 Qd8 14. Bg5 Re8 15. h3 h6 16. Bd2 Nf8 17. g3 Ng6 18. Be3 Nd7 19. Qc2 Bc8 20. Bf1 Qe7 21. Nd2 h5 22. Nc4 h4 23. Nxd6 Qxd6 24. Rac1 hxg3 25. fxg3 Nf6 26. Nb1 Bd7 27. Nd2 Rec8 28. Qb3 Qf8 29. Rc3 Qe8 30. Ra1 Nf8 31. Bg2 Rab8 32. Nc4 b5 33. axb5 axb5 34. Na5 Ra8 35. Qb4 c6 36. dxc6 Bxc6 37. Rac1 Bd7 38. Rxc8 Rxc8 39. Nb3 Rxc1+ 40. Nxc1 Qc8 41. Kh2 Qc2 42. Qd2 Qb1 43. Qc3 Nxe4 44. Qd3 1/2-1/2

[Event "Vienna Chess Open 2019"]
[Site "Vienna"]
[Date "2019.08.17"]
[Round "1.8"]
[White "Gumularz, Szymon"]
[Black "Dudas, Eszter"]
[Result "1-0"]
[ECO "C03"]
[WhiteElo "2501"]
[BlackElo "2150"]
[Annotator "ChessBase"]
[PlyCount "73"]
[EventDate "2019.08.17"]
[EventType "swiss"]
[EventCountry "AUT"]
[SourceTitle "playchess.com"]
[Source "ChessBase"]
[SourceQuality "1"]
[TimeControl "40/5400+30:1800+30"]

1. e4 e6 2. d4 d5 3. Nd2 Be7 4. Ngf3 Nf6 5. e5 Nfd7 6. Bd3 c5 7. c3 Nc6 8. O-O g5 9. dxc5 Ndxe5 10. Bb5 Bd7 11. b4 g4 12. Nxe5 Nxe5 13. Bxd7+ Qxd7 14. f4 gxf3 15. Nxf3 Nxf3+ 16. Qxf3 O-O-O 17. Qxf7 Rdf8 18. Qh5 Rxf1+ 19. Kxf1 Rf8+ 20. Kg1 d4 21. Bd2 Bf6 22. Rd1 Rd8 23. Bf4 d3 24. Bd6 Bxc3 25. Qg4 e5 26. Qc4 Bd4+ 27. Kh1 Qf5 28. Qxd3 Qxd3 29. Rxd3 b6 30. Rh3 Rd7 31. Rh6 Rf7 32. g3 bxc5 33. bxc5 e4 34. Re6 e3 35. c6 Kd8 36. c7+ Kd7 37. Re8 1-0

[Event "Vienna Chess Open 2019"]
[Site "Vienna"]
[Date "2019.08.17"]
[Round "1.8"]
[White "Gavrilescu, David"]
[Black "Du, Chunhui"]
[Result "0-1"]
[ECO "C50"]
[WhiteElo "2464"]
[BlackElo "2137"]
[Annotator "ChessBase"]
[PlyCount "72"]
[EventDate "2019.08.17"]
[EventType "swiss"]
[EventCountry "AUT"]
[SourceTitle "playchess.com"]
[Source "ChessBase"]
[SourceQuality "1"]
[TimeControl "40/5400+30:1800+30"]

1. e4 e5 2. Nf3 Nc6 3. Bc4 Bc5 4. d3 Nf6 5. O-O O-O 6. c3 d6 7. h3 Bb6 8. a4 a5 9. Bg5 h6 10. Bh4 g5 11. Nxg5 hxg5 12. Bxg5 Kg7 13. Qf3 Be6 14. Na3 Rh8 15. Nc2 Kg6 16. h4 Bxc4 17. dxc4 Qe7 18. Ne3 Qe6 19. Nd5 Nd7 20. c5 dxc5 21. Qg3 Kh7 22. f4 f6 23. Bxf6 Nxf6 24. fxe5 Nxd5 25. exd5 c4+ 26. Kh1 Qg6 27. Qh2 Nxe5 28. Qxe5 Rae8 29. Qh2 Re4 30. h5 Qg5 31. Rf7+ Kh6 32. Raf1 Rh4 33. R7f6+ Kxh5 34. g4+ Qxg4 35. R1f5+ Qxf5 36. Rxf5+ Kg6 0-1

[Event "Vienna Chess Open 2019"]
[Site "Vienna"]
[Date "2019.08.17"]
[Round "1.8"]
[White "Gilevych, Artem"]
[Black "Petersen, Steen"]
[Result "1-0"]
[ECO "A45"]
[WhiteElo "2424"]
[BlackElo "2129"]
[Annotator "NA"]
[PlyCount "109"]
[EventDate "2019.08.17"]
[EventType "swiss"]
[EventCountry "AUT"]
[SourceTitle "playchess.com"]
[Source "ChessBase"]
[SourceQuality "1"]
[TimeControl "40/5400+30:1800+30"]

1. d4 Nf6 2. Nc3 d5 3. Bf4 Bf5 4. f3 e6 5. g4 Bg6 6. h4 h6 7. e3 a6 8. Bd3 Bxd3 9. Qxd3 c5 10. Nge2 Nc6 11. a3 b5 12. Ng3 cxd4 13. exd4 Qb6 14. Nce2 b4 15. axb4 Nxb4 16. Qd2 Qb5 17. Kf2 Nd7 18. Nc1 Nb6 19. c3 Nc6 20. Nd3 Nc4 21. Qe2 N6a5 22. b4 Nb7 23. g5 hxg5 24. hxg5 Rxh1 25. Rxh1 g6 26. Rh7 a5 27. Ne5 Ncd6 28. c4 dxc4 29. Nxf7 Qd5 30. Nxd6+ Nxd6 31. Qc2 O-O-O 32. bxa5 Qxd4+ 33. Be3 Qa1 34. Ne4 Qxa5 35. Nxd6+ Bxd6 36. Qxc4+ Bc7 37. Qxe6+ Kb8 38. Qb3+ Kc8 39. Qe6+ Kb8 40. Rh1 Rd2+ 41. Bxd2 Qxd2+ 42. Qe2 Bb6+ 43. Kf1 Qc1+ 44. Qe1 Qc4+ 45. Kg2 Qc2+ 46. Kg3 Bc7+ 47. f4 Bxf4+ 48. Kxf4 Qf5+ 49. Ke3 Qe5+ 50. Kd3 Qd5+ 51. Kc3 Qc6+ 52. Kd4 Qd6+ 53. Ke4 Qe6+ 54. Kf3 Qf5+ 55. Kg2 1-0